 Dungeon Crawl Stone Soup version 0.20.1-1-g8b1a95d (webtiles) character file.

1088 letownia2 the Reanimator (level 8, -2/70 (72) HPs)
             Began as a Deep Dwarf Necromancer on Nov 3, 2017.
             Killed themself with a badly aimed iceblast (7 damage)
             ... on level 6 of the Dungeon.
             The game lasted 00:12:56 (3502 turns).

letownia2 the Reanimator (Deep Dwarf Necromancer)   Turns: 3502, Time: 00:12:57

HP:   -2/70 (72)    AC:  7    Str: 13    XL:     8   Next: 9%
MP:   10/12         EV: 11    Int: 17    God:
Gold: 171           SH:  0    Dex: 13    Spells: 9/13 levels left

rFire    . . .     SeeInvis .   b - +0 battleaxe (freeze)
rCold    + . .     Gourm    .   (shield currently unavailable)
rNeg     . . .     Faith    .   h - +0 ring mail
rPois    .         Spirit   .   d - +1 helmet
rElec    .         Reflect  .   (no cloak)
rCorr    .         Harm     .   (no gloves)
MR       +....                  (no boots)
Stlth    +.........             f - amulet of inaccuracy (curse)
Regen    0.0/turn               r - ring of protection from cold
MPRegen  0.2/turn               (no ring)

@: non-regenerating, badly diseased
A: damage resistance, heal wounds, sense surroundings 1, no regeneration
a: Heal Wounds


You were on level 6 of the Dungeon.
You were hungry.

You visited 1 branch of the dungeon, and saw 6 of its levels.

You collected 171 gold pieces.

Inventory:

Hand Weapons
 a - a +0 whip
 b - a +0 battleaxe of freezing (weapon)
 u - a +0 shortbow
 y - a +0 war axe
 A - a +0 shortbow
Missiles
 p - 29 poisoned needles
 w - 24 arrows
Armour
 d - a +1 helmet (worn)
 h - a +0 ring mail (worn)
Jewellery
 f - a cursed amulet of inaccuracy (around neck)
 r - a ring of protection from cold (left hand)
Wands
 g - a wand of digging (7/24)
 v - a wand of random effects (2/48)
 x - a wand of iceblast (6/15)
Scrolls
 i - a scroll of enchant armour
 m - 3 scrolls of recharging
 t - a scroll of teleportation
Potions
 e - a potion of flight {unknown}
 k - 3 potions of lignification {unknown}
 l - 2 potions of curing {unknown}
 n - a potion of might
 o - 3 potions of degeneration {unknown}
 q - a potion of heal wounds {unknown}
Books
 s - a book of Necromancy

   Spells                             Type                      Level
   a - Pain                           Necromancy                   1
   b - Animate Skeleton               Necromancy                   1
   c - Vampiric Draining              Necromancy                   3
   d - Regeneration                   Charms/Necromancy            3
   e - Animate Dead                   Necromancy                   4
   f - Control Undead                 Necromancy                   4
 z - a book of Minor Magic

   Spells                             Type                      Level
   a - Magic Dart                     Conjuration                  1
   b - Blink                          Translocation                2
   c - Call Imp                       Summoning                    2
   d - Slow                           Hexes                        2
   e - Conjure Flame                  Conjuration/Fire             3
   f - Mephitic Cloud                 Conjuration/Poison/Air       3
Comestibles
 c - a bread ration
 j - 2 meat rations


   Skills:
 + Level 3.7 Fighting
 - Level 2.5 Armour
 - Level 2.1 Dodging
 - Level 2.4 Stealth
 - Level 3.0 Spellcasting
 + Level 9.3 Necromancy


You had 9 spell levels left.
You knew the following spells:

 Your Spells              Type           Power        Failure   Level  Hunger
a - Pain                  Necr           ####         1%          1    None
v - Vampiric Draining     Necr           ####......   2%          3    ###....


Dungeon Overview and Level Annotations

Branches:
Dungeon (6/15)
 Temple: D:4-7

Altars:
Nemelex Xobeh
Ru
Sif Muna

Annotations:
D:4 othur's ghost, amateur MiCK
D:5 exclusion: quasit
D:6 Irenicus's ghost, novice DDNe


Innate Abilities, Weirdness & Mutations

You are resistant to damage.
You can heal yourself by infusing magical energy.
You passively map a small area around you.
You do not regenerate.


Message History

Evoking this partially-identified wand wasted a few charges.
Something hits you.
* * * LOW HITPOINT WARNING * * *
Unknown command.
Unknown command.
Evoke which item? (* to show all) (? for menu, Esc to quit)
Aiming: Random Effects (will waste charges)
Press: ? - help, Shift-Dir - straight line Evoking this partially-identified wand wasted a few charges.
Something hits you.
* * * LOW HITPOINT WARNING * * *
You feel ill.
You feel your flesh rotting away!
Unknown command.
Unknown command.
Evoke which item? (* to show all) (? for menu, Esc to quit)
Aiming: Random Effects (will waste charges)
Press: ? - help, Shift-Dir - straight line The mass of ice explodes!
The iceblast engulfs something.
The iceblast engulfs you! You partially resist.
You die...

#########
##..$....# *
#........# ,
#........#,
#........#, , ####
#.......#
*#...##.......##..
.........<(......
*........@{.......
.................
, *
...##....o..##.. ,
#######..Z....##,.
#................
, *
#.$...........###
#.......[.....##
##...##........'
##...##.......##


You could see an orc and a bullfrog skeleton.

Vanquished Creatures
  An ogre (D:5)
  3 centaurs
  A bullfrog (D:4)
  A big kobold (D:5)
  A water moccasin skeleton (D:5)
  3 scorpions
  3 killer bees (D:5)
  A bullfrog zombie (D:5)
  2 hounds (D:4)
  A jelly (D:5)
  An orc wizard (D:6)
  2 iguanas (D:4)
  A worker ant (D:5)
  3 adders
  An ooze (D:2)
  An adder skeleton (D:4)
  A worm (D:4)
  2 dart slugs
  2 leopard geckos
  6 orcs
  5 bats
  A giant cockroach (D:2)
  A goblin (D:1)
  4 hobgoblins
  A jackal (D:5)
  2 quokkas
  A ball python (D:1)
  A frilled lizard (D:4)
  11 kobolds
  A leopard gecko zombie (D:5)
  A quokka skeleton (D:4)
  2 rats
68 creatures vanquished.

Notes
Turn   | Place    | Note
-------+----------+-------------------------------------------
     0 | D:1      | letownia2 the Deep Dwarf Necromancer began the quest for the Orb.
     0 | D:1      | Reached XP level 1. HP: 15/15 MP: 3/3
   166 | D:2      | Reached XP level 2. HP: 22/22 MP: 0/5
   364 | D:2      | Found a sparkling altar of Nemelex Xobeh.
   488 | D:3      | Reached skill level 5 in Necromancy
   661 | D:4      | Noticed a scorpion
   697 | D:4      | Killed a scorpion
   697 | D:4      | Reached XP level 3. HP: 28/28 MP: 0/6
   697 | D:4      | Reached XP level 4. HP: 36/36 MP: 0/7
   702 | D:4      | Learned a level 3 spell: Vampiric Draining
   801 | D:4      | Reached skill level 6 in Necromancy
   983 | D:4      | Reached skill level 7 in Necromancy
   983 | D:4      | Reached XP level 5. HP: 38/42 MP: 2/8
  1018 | D:4      | Found a sacrificial altar of Ru.
  1179 | D:4      | Noticed othur's ghost (amateur MiCK)
  1326 | D:4      | Noticed a phantom
  1422 | D:4      | Found a deep blue altar of Sif Muna.
  1459 | D:5      | Entered Level 5 of the Dungeon
  1468 | D:5      | Noticed an ogre
  1479 | D:5      | Killed an ogre
  1479 | D:5      | Reached skill level 8 in Necromancy
  1479 | D:5      | Reached XP level 6. HP: 30/49 MP: 0/9
  1635 | D:5      | Reached skill level 1 in Armour
  2079 | D:5      | Reached skill level 1 in Fighting
  2079 | D:5      | Reached XP level 7. HP: 23/57 MP: 2/11
  2965 | D:5      | Reached skill level 9 in Necromancy
  2991 | D:6      | Noticed Irenicus's ghost (novice DDNe)
  3153 | D:5      | Reached XP level 8. HP: 5/69 MP: 0/12
  3502 | D:6      | Killed themself with a badly aimed iceblast

Skill      XL: |  1  2  3  4  5  6  7 |
---------------+----------------------+-----
Spellcasting   | 2 3 |  3.0
Necromancy     | 5 7 8 9 |  9.3
Armour         | 2 |  2.5
Fighting       | 1 3 |  3.7
Dodging        | |  2.1
Stealth        | |  2.4

Action                   |  1- 3 |  4- 6 |  7- 9 || total
-------------------------+-------+-------+-------++-------
Melee: Unarmed           |     1 |       |       ||     1
       Whip              |       |    24 |    40 ||    64
       Battleaxe         |       |    35 |    62 ||    97
 Cast: Pain              |    38 |    48 |    13 ||    99
       Vampiric Draining |       |    16 |    31 ||    47
Evoke: Wand              |       |       |     7 ||     7
  Use: Scroll            |     1 |     4 |     3 ||     8
  Eat: Chunk             |       |     5 |     7 ||    12
       Royal jelly       |       |       |     1 ||     1
Armor: Robe              |     5 |       |       ||     5
       Ring mail         |     2 |    56 |   122 ||   180
Dodge: Dodged            |    13 |   103 |   185 ||   301
